| TOP OF THE 1ST |
|
St. Louis Cardinals batting - Pitching for Huntington Station Ramrods : LHP Lefty Grove
|
|
Pitching: LHP Lefty Grove
|
|
|
Batting: RHB Sixto Lezcano
|
0-0: Ball 1-0: Foul Ball, location: 2F 1-1: Ball 2-1: Fly out, F7 (Flyball, 7, EV 81.9 MPH)
|
|
Batting: LHB Jose Cruz
|
0-0: Ball 1-0: Called Strike 1-1: Swinging Strike 1-2: Ball 2-2: SINGLE (Flyball, 6D, EV 83.8 MPH)
|
|
Batting: RHB Joe Torre
|
0-0: Single, Error in OF, E8, batter to second base (Line Drive, 4MD, EV 95.6 MPH) Jose Cruz to third
|
|
Batting: RHB Dick Allen
|
0-0: Ball 1-0: Foul Ball, location: 2F 1-1: Swinging Strike 1-2: Ground out 6-3 (Groundball, 6, EV 104.4 MPH) Jose Cruz scores
|
|
Batting: LHB Pat Putnam
|
0-0: Ground out 6-3 (Groundball, 56, EV 99.4 MPH)
|
| Top of the 1st over - 1 run, 2 hits, 1 error, 1 left on base; St. Louis 1 - Huntington Station 0 |
| BOTTOM OF THE 1ST |
|
Huntington Station Ramrods batting - Pitching for St. Louis Cardinals : RHP Bob Gibson
|
|
Pitching: RHP Bob Gibson
|
|
|
Batting: LHB George Sisler
|
0-0: Called Strike 0-1: Called Strike 0-2: Ball 1-2: Foul Ball, location: 2F 1-2: Foul Ball, location: 2F 1-2: Ball 2-2: Foul Ball, location: 2F 2-2: Foul Ball, location: 2F 2-2: Foul Ball, location: 2F 2-2: SINGLE (Line Drive, 5D, EV 105.0 MPH)
|
|
Batting: LHB Mule Haas
|
0-0: Reached on error, E8 (Line Drive, 8LM, EV 93.1 MPH) George Sisler to third
|
|
Batting: LHB Joe Jackson
|
0-0: Called Strike 0-1: Ground out 1-3 (Groundball, 13, EV 88.8 MPH)
|
|
Batting: LHB Charlie Grimm
|
0-0: Called Strike 0-1: Called Strike 0-2: Ground out 1-3 (Groundball, 13, EV 86.3 MPH)
|
|
Batting: RHB Gabby Hartnett
|
0-0: Foul Ball, location: 2F 0-1: Called Strike 0-2: Foul Ball, location: 2F 0-2: Ball 1-2: Foul Ball, location: 2F 1-2: Foul Ball, location: 2F 1-2: Strikes out looking
|
| Bottom of the 1st over - 0 runs, 1 hit, 1 error, 2 left on base; St. Louis 1 - Huntington Station 0 |
| TOP OF THE 2ND |
|
St. Louis Cardinals batting - Pitching for Huntington Station Ramrods : LHP Lefty Grove
|
|
Batting: RHB Dan Thomas
|
0-0: Called Strike 0-1: Bunted foul 0-2: Ball 1-2: Ball 2-2: Ball 3-2: Foul Ball, location: 2F 3-2: SOLO HOME RUN (Flyball, 7LD, EV 103.1 MPH), Distance : 352 ft
|
|
Batting: RHB Bob Brenly
|
0-0: Ball 1-0: Fly out, F8 (Flyball, 78D, EV 90.0 MPH)
|
|
Batting: SHB Billy E Smith
|
0-0: Ball 1-0: Ground out U3 (Groundball, 34, EV 87.5 MPH)
|
|
Batting: RHB Bob Gibson
|
0-0: Ball 1-0: Ball 2-0: Called Strike 2-1: Foul Ball, location: 2F 2-2: SINGLE (Flyball, 89S, EV 99.4 MPH)
|
|
Batting: RHB Sixto Lezcano
|
0-0: Called Strike 0-1: SINGLE (Flyball, 89S, EV 90.0 MPH) Bob Gibson to second Runner from 2nd tries for 3rd, SAFE, no throw by RF
|
|
Batting: LHB Jose Cruz
|
0-0: Ball 1-0: Ball 2-0: Called Strike 2-1: Called Strike 2-2: Strikes out swinging
|
| Top of the 2nd over - 1 run, 3 hits, 0 errors, 2 left on base; St. Louis 2 - Huntington Station 0 |
| BOTTOM OF THE 2ND |
|
Huntington Station Ramrods batting - Pitching for St. Louis Cardinals : RHP Bob Gibson
|
|
Batting: RHB Doc Farrell
|
0-0: Ball 1-0: Ball 2-0: Ball 3-0: Called Strike 3-1: Base on Balls
|
|
Batting: RHB Howard Freigau
|
0-0: Swinging Strike Doc Farrell steals 2nd base 0-1: Foul Ball, location: 2F 0-2: Ball 1-2: Foul Ball, location: 2F 1-2: Strikes out looking
|
|
Batting: LHB Specs Toporcer
|
0-0: Swinging Strike 0-1: Called Strike 0-2: Strikes out swinging
|
|
Batting: LHB Lefty Grove
|
0-0: Ground out 4-3 (Groundball, 34D, EV 101.3 MPH)
|
| Bottom of the 2nd over - 0 runs, 0 hits, 0 errors, 1 left on base; St. Louis 2 - Huntington Station 0 |
| TOP OF THE 3RD |
|
St. Louis Cardinals batting - Pitching for Huntington Station Ramrods : LHP Lefty Grove
|
|
Batting: RHB Joe Torre
|
0-0: Ball 1-0: Ball 2-0: Called Strike 2-1: Reached on error, E4 (Groundball, 4M, EV 87.5 MPH)
|
|
Batting: RHB Dick Allen
|
0-0: Swinging Strike 0-1: Ball 1-1: Called Strike 1-2: SINGLE (Line Drive, 56D, EV 96.9 MPH) Joe Torre to second
|
|
Batting: LHB Pat Putnam
|
0-0: Called Strike 0-1: Foul Ball, location: 2F 0-2: Ball
|
|
Pitching: LHP Lefty Grove
|
|
|
Now at C: Gabby Hartnett
|
|
|
Now at 1B: Charlie Grimm
|
|
|
Now at 2B: Specs Toporcer
|
|
|
Now at 3B: Joe Stripp
|
|
|
Now at SS: Doc Farrell
|
|
|
Now in LF: Mule Haas
|
|
|
Now in CF: George Sisler
|
|
|
Now in RF: Joe Jackson
|
1-2: Fly out, F8 (Flyball, 89D, EV 99.4 MPH) Runner from 2nd tags up, SAFE at 3rd, no throw by CF
|
|
Batting: RHB Dan Thomas
|
0-0: Ball 1-0: Foul Ball, location: 2F 1-1: Called Strike 1-2: Ball 2-2: Foul Ball, location: 2F 2-2: Ball 3-2: Strikes out swinging
|
|
Batting: RHB Bob Brenly
|
0-0: Ball 1-0: SINGLE (Groundball, 6MD, EV 95.0 MPH) Joe Torre scores Dick Allen to second Runner from 2nd tries for 3rd, SAFE, throw by CF made to third
|
|
Batting: SHB Billy E Smith
|
0-0: Fielders Choice at 2nd, 6-4 (Groundball, 6, EV 88.1 MPH)
|
| Top of the 3rd over - 1 run, 2 hits, 1 error, 2 left on base; St. Louis 3 - Huntington Station 0 |
| BOTTOM OF THE 3RD |
|
Huntington Station Ramrods batting - Pitching for St. Louis Cardinals : RHP Bob Gibson
|
|
Batting: LHB George Sisler
|
0-0: Foul Ball, location: 2F 0-1: SINGLE (Flyball, 6MD, EV 93.8 MPH)
|
|
Batting: RHB Joe Stripp
|
0-0: Ball Wild Pitch! George Sisler to second
|
|
|
|
|
|
1-0: Called Strike 1-1: Ground out 6-3 (Groundball, 6, EV 83.8 MPH)
|
|
Batting: LHB Joe Jackson
|
0-0: Ball 1-0: Ball 2-0: Called Strike 2-1: Ball 3-1: Foul Ball, location: 2F 3-2: Foul Ball, location: 2F 3-2: Foul Ball, location: 2F 3-2: Base on Balls
|
|
Batting: RHB Gabby Hartnett
|
0-0: Ball 1-0: Called Strike 1-1: Swinging Strike 1-2: Ball 2-2: Ball 3-2: Strikes out swinging
|
|
Batting: LHB Charlie Grimm
|
0-0: Ball 1-0: Ball 2-0: Called Strike 2-1: Fly out, F7 (Line Drive, 7, EV 109.4 MPH)
|
| Bottom of the 3rd over - 0 runs, 1 hit, 0 errors, 2 left on base; St. Louis 3 - Huntington Station 0 |
| TOP OF THE 4TH |
|
St. Louis Cardinals batting - Pitching for Huntington Station Ramrods : RHP Sarge Connally
|
|
Pitching: RHP Sarge Connally
|
|
|
Batting: RHB Bob Gibson
|
0-0: Ball 1-0: Called Strike 1-1: Ball 2-1: Swinging Strike 2-2: Ground out 6-3 (Groundball, 6, EV 84.4 MPH)
|
|
Batting: RHB Sixto Lezcano
|
0-0: Called Strike 0-1: Swinging Strike 0-2: Strikes out swinging
|
|
Batting: LHB Jose Cruz
|
0-0: Ball 1-0: Called Strike 1-1: Ball 2-1: Swinging Strike 2-2: Fly out, F8 (Flyball, 8LS, EV 88.1 MPH)
|
| Top of the 4th over - 0 runs, 0 hits, 0 errors, 0 left on base; St. Louis 3 - Huntington Station 0 |
| BOTTOM OF THE 4TH |
|
Huntington Station Ramrods batting - Pitching for St. Louis Cardinals : RHP Bob Gibson
|
|
Batting: LHB Mule Haas
|
0-0: SINGLE (Line Drive, 7LS, EV 91.3 MPH)
|
|
Batting: RHB Sarge Connally
|
0-0: Sac Bunt to 23 - play at first, batter OUT! 3-4 Mule Haas to second
|
|
Batting: LHB Specs Toporcer
|
0-0: Ball 1-0: Swinging Strike 1-1: SINGLE (Groundball, 56D, EV 95.0 MPH) Mule Haas to third Runner from 3rd tries for Home, SAFE, no throw by LF
|
|
Batting: RHB Doc Farrell
|
0-0: Ball 1-0: Ball 2-0: Called Strike 2-1: Ball 3-1: Foul Ball, location: 2F 3-2: Strikes out swinging
|
|
Batting: LHB George Sisler
|
0-0: Foul Ball, location: 2F 0-1: Fly out, F9 (Flyball, 89M, EV 89.4 MPH)
|
| Bottom of the 4th over - 1 run, 2 hits, 0 errors, 1 left on base; St. Louis 3 - Huntington Station 1 |
| TOP OF THE 5TH |
|
St. Louis Cardinals batting - Pitching for Huntington Station Ramrods : RHP Sarge Connally
|
|
Batting: RHB Joe Torre
|
0-0: Called Strike 0-1: Swinging Strike 0-2: Strikes out swinging
|
|
Batting: RHB Dick Allen
|
0-0: Ball 1-0: Swinging Strike 1-1: Swinging Strike 1-2: SINGLE (Groundball, 6D, EV 93.8 MPH)
|
|
Batting: LHB Pat Putnam
|
0-0: Called Strike 0-1: Swinging Strike 0-2: Ball 1-2: Foul Ball, location: 2F 1-2: SINGLE (Groundball, 6D, EV 101.9 MPH) Dick Allen to second
|
|
Batting: RHB Dan Thomas
|
0-0: Ball 1-0: Called Strike 1-1: Foul Ball, location: 2F 1-2: Strikes out looking
|
|
Batting: RHB Bob Brenly
|
0-0: Called Strike 0-1: Ball 1-1: Fielders Choice at 2nd, 5-4 (Groundball, 5, EV 101.9 MPH)
|
| Top of the 5th over - 0 runs, 2 hits, 0 errors, 2 left on base; St. Louis 3 - Huntington Station 1 |
| BOTTOM OF THE 5TH |
|
Huntington Station Ramrods batting - Pitching for St. Louis Cardinals : RHP Bob Gibson
|
|
Batting: RHB Joe Stripp
|
0-0: Called Strike 0-1: Ground out 4-3 (Groundball, 4, EV 85.6 MPH)
|
|
Batting: LHB Joe Jackson
|
0-0: Called Strike 0-1: DOUBLE (Flyball, 8LXD, EV 112.5 MPH)
|
|
Batting: RHB Gabby Hartnett
|
0-0: Swinging Strike 0-1: Foul Ball, location: 2F 0-2: Ball 1-2: Strikes out swinging
|
|
Batting: LHB Charlie Grimm
|
0-0: Called Strike 0-1: Foul Ball, location: 2F 0-2: Ball 1-2: Ball 2-2: Strikes out swinging
|
| Bottom of the 5th over - 0 runs, 1 hit, 0 errors, 1 left on base; St. Louis 3 - Huntington Station 1 |
| TOP OF THE 6TH |
|
St. Louis Cardinals batting - Pitching for Huntington Station Ramrods : RHP Sarge Connally
|
|
Batting: SHB Billy E Smith
|
0-0: Foul Ball, location: 2F 0-1: Ball 1-1: Ball 2-1: Swinging Strike 2-2: Foul Ball, location: 2F 2-2: Foul Ball, location: 2F 2-2: Ball 3-2: Base on Balls
|
|
Batting: RHB Bob Gibson
|
0-0: Ball 1-0: Bunt missed! 1-1: Sac Bunt to P - play at first, batter OUT! 1-4 Billy E Smith to second
|
|
Batting: RHB Sixto Lezcano
|
0-0: Called Strike Billy E Smith steals 3rd base 0-1: Fly out, F8 (Flyball, 8RXD, EV 102.5 MPH) Runner from 3rd tags up, SCORES, no throw by CF
|
|
Batting: LHB Jose Cruz
|
0-0: Called Strike 0-1: Swinging Strike 0-2: Ball 1-2: Foul Ball, location: 2F 1-2: Ball 2-2: SINGLE (Flyball, 78S, EV 97.5 MPH)
|
|
Batting: RHB Joe Torre
|
0-0: Called Strike 0-1: Ball 1-1: Ball 2-1: Ball 3-1: Base on Balls Jose Cruz to second
|
|
Batting: RHB Dick Allen
|
0-0: Ball 1-0: Called Strike 1-1: Ball 2-1: 3-RUN HOME RUN (Flyball, 7D, EV 103.8 MPH), Distance : 453 ft
|
|
Batting: LHB Pat Putnam
|
0-0: Foul Ball, location: 2F 0-1: SOLO HOME RUN (Flyball, 89XD, EV 104.4 MPH), Distance : 458 ft
|
|
Pitching: LHP Dave Brown
|
|
|
Batting: RHB Dan Thomas
|
0-0: Foul Ball, location: 2F 0-1: Ball 1-1: Foul Ball, location: 2F 1-2: Foul Ball, location: 2F 1-2: Foul Ball, location: 2F 1-2: Foul Ball, location: 2F 1-2: Ball 2-2: Foul Ball, location: 2F 2-2: Foul Ball, location: 2F 2-2: DOUBLE (Flyball, 78D, EV 106.3 MPH)
|
|
Batting: RHB Bob Brenly
|
0-0: Swinging Strike 0-1: Ball 1-1: Swinging Strike 1-2: Ball 2-2: Ball 3-2: Foul Ball, location: 2F 3-2: Base on Balls
|
|
Batting: SHB Billy E Smith
|
0-0: Ball 1-0: Called Strike 1-1: Called Strike 1-2: Strikes out swinging
|
| Top of the 6th over - 5 runs, 4 hits, 0 errors, 2 left on base; St. Louis 8 - Huntington Station 1 |
| BOTTOM OF THE 6TH |
|
Huntington Station Ramrods batting - Pitching for St. Louis Cardinals : RHP Bob Gibson
|
|
Batting: LHB Mule Haas
|
0-0: Called Strike 0-1: Ball 1-1: Ground out 5-3 (Groundball, 56, EV 89.4 MPH)
|
|
Batting: LHB Dave Brown
|
0-0: Reached on error, E2 (Groundball, 2L, EV 60.0 MPH)
|
|
Batting: LHB Specs Toporcer
|
0-0: Ball 1-0: Ball 2-0: Foul Ball, location: 2F 2-1: Fly out, F8 (Line Drive, 8LD, EV 88.1 MPH)
|
|
Batting: RHB Doc Farrell
|
0-0: SINGLE (Groundball, 56D, EV 106.9 MPH) Dave Brown to third Runner from 3rd tries for Home, SAFE, no throw by LF
|
|
Batting: LHB George Sisler
|
0-0: Ball 1-0: Fielders Choice at 2nd, 6-4 (Groundball, 6, EV 101.3 MPH)
|
| Bottom of the 6th over - 1 run, 1 hit, 1 error, 1 left on base; St. Louis 8 - Huntington Station 2 |
| TOP OF THE 7TH |
|
St. Louis Cardinals batting - Pitching for Huntington Station Ramrods : LHP Dave Brown
|
|
Batting: RHB Bob Gibson
|
0-0: Ball 1-0: Ball 2-0: Fly out, F9 (Flyball, 9, EV 95.6 MPH)
|
|
Batting: RHB Sixto Lezcano
|
0-0: Foul Ball, location: 2F 0-1: Foul Ball, location: 2F 0-2: Foul Ball, location: 2F 0-2: Foul Ball, location: 2F 0-2: Fly out, F3 (Popup, 3F, EV 58.8 MPH)
|
|
Batting: LHB Jose Cruz
|
0-0: Called Strike 0-1: Ball 1-1: SINGLE (Line Drive, 9S, EV 96.9 MPH)
|
|
Batting: RHB Joe Torre
|
0-0: Ball 1-0: Fly out, F9 (Flyball, 9LM, EV 84.4 MPH)
|
| Top of the 7th over - 0 runs, 1 hit, 0 errors, 1 left on base; St. Louis 8 - Huntington Station 2 |
| BOTTOM OF THE 7TH |
|
Huntington Station Ramrods batting - Pitching for St. Louis Cardinals : RHP Bob Gibson
|
|
Batting: RHB Joe Stripp
|
0-0: Foul Ball, location: 2F 0-1: Foul Ball, location: 2F 0-2: Ball 1-2: Ball 2-2: Ball 3-2: Base on Balls
|
|
Batting: LHB Joe Jackson
|
0-0: Foul Ball, location: 2F 0-1: Ball 1-1: Ball 2-1: Ball 3-1: Fly out, F5 (Popup, 5, EV 61.9 MPH)
|
|
Batting: RHB Gabby Hartnett
|
0-0: Fly out, F9 (Flyball, 9LDF, EV 94.4 MPH)
|
|
Batting: LHB Charlie Grimm
|
0-0: Ball 1-0: Foul Ball, location: 2F 1-1: Foul Ball, location: 2F 1-2: Ball 2-2: Foul Ball, location: 2F 2-2: SINGLE (Line Drive, 89M, EV 106.3 MPH) Joe Stripp to second
|
|
Batting: LHB Mule Haas
|
0-0: Ball 1-0: Swinging Strike 1-1: Called Strike 1-2: Ball 2-2: Foul Ball, location: 2F 2-2: Strikes out swinging
|
| Bottom of the 7th over - 0 runs, 1 hit, 0 errors, 2 left on base; St. Louis 8 - Huntington Station 2 |
| TOP OF THE 8TH |
|
St. Louis Cardinals batting - Pitching for Huntington Station Ramrods : LHP Dave Brown
|
|
Batting: RHB Dick Allen
|
0-0: Called Strike 0-1: Ball 1-1: Ball 2-1: Ball 3-1: Base on Balls
|
|
Batting: LHB Pat Putnam
|
0-0: Ball 1-0: Ball 2-0: Ball 3-0: Called Strike 3-1: Foul Ball, location: 2F 3-2: Base on Balls Dick Allen to second
|
|
Batting: RHB Dan Thomas
|
0-0: Called Strike 0-1: Foul Ball, location: 2F 0-2: Hit by Pitch Dick Allen to third Pat Putnam to second
|
|
Batting: RHB Bob Brenly
|
0-0: Ball 1-0: Ball 2-0: Ball 3-0: Base on Balls Dick Allen scores Pat Putnam to third Dan Thomas to second
|
|
Batting: SHB Billy E Smith
|
0-0: Ball 1-0: Swinging Strike 1-1: Ball 2-1: Ball 3-1: Single, Error in OF, E8, batter to second base (Groundball, 6MD, EV 98.8 MPH) Pat Putnam scores Dan Thomas scores Bob Brenly to third
|
|
Pitching: RHP George Uhle
|
|
|
Batting: RHB Bob Gibson
|
0-0: Ball 1-0: Ball 2-0: Called Strike 2-1: Foul Ball, location: 2F 2-2: Strikes out swinging
|
|
Pinch Hitting: RHB Casey Sampson
|
0-0: Ball 1-0: Ball 2-0: Ball 3-0: Base on Balls
|
|
Batting: LHB Jose Cruz
|
0-0: Ball 1-0: Called Strike 1-1: Foul Ball, location: 2F 1-2: Ball 2-2: Ball 3-2: Base on Balls Bob Brenly scores Billy E Smith to third Casey Sampson to second
|
|
Pinch Hitting: RHB Pascual D'Annunzio
|
0-0: Ball 1-0: Foul Ball, location: 2F 1-1: Ball 2-1: Called Strike 2-2: Fly out, F9 (Flyball, 89S, EV 88.1 MPH)
|
|
Batting: RHB Dick Allen
|
0-0: Called Strike 0-1: Ball 1-1: Foul Ball, location: 2F 1-2: Ball 2-2: Foul Ball, location: 2F 2-2: Ball 3-2: SINGLE (Line Drive, 7S, EV 104.4 MPH) Billy E Smith scores Casey Sampson to third Jose Cruz to second Casey Sampson scores Jose Cruz to third
|
|
Batting: LHB Pat Putnam
|
0-0: Foul Ball, location: 2F 0-1: SINGLE (Line Drive, 3D, EV 97.5 MPH) Jose Cruz scores Dick Allen to second Runner from 2nd tries for 3rd, SAFE, no throw by RF
|
|
Batting: RHB Dan Thomas
|
0-0: Ball 1-0: Ball 2-0: Ball 3-0: Base on Balls Pat Putnam to second
|
|
Batting: RHB Bob Brenly
|
0-0: Ball 1-0: Ball 2-0: Ball 3-0: Base on Balls Dick Allen scores Pat Putnam to third Dan Thomas to second
|
|
Batting: SHB Billy E Smith
|
0-0: Called Strike 0-1: Ball 1-1: Foul Ball, location: 2F 1-2: Ball 2-2: SINGLE (Line Drive, 7S, EV 108.1 MPH) Pat Putnam scores Dan Thomas to third Bob Brenly to second Runner from 3rd tries for Home, SAFE, throw by LF to home
|
|
Batting: RHB Bob Gibson
|
0-0: Ball 1-0: Called Strike 1-1: Ball 2-1: Foul Ball, location: 2F 2-2: Single, Error in OF, E9, batter to second base (Line Drive, 89S, EV 99.4 MPH) Bob Brenly scores Billy E Smith to third
|
|
Batting: RHB Casey Sampson
|
0-0: Foul Ball, location: 2F 0-1: Ball 1-1: Fly out, F7 (Line Drive, 78M, EV 105.6 MPH)
|
| Top of the 8th over - 11 runs, 5 hits, 2 errors, 2 left on base; St. Louis 19 - Huntington Station 2 |
| BOTTOM OF THE 8TH |
|
Huntington Station Ramrods batting - Pitching for St. Louis Cardinals : RHP Bob Gibson
|
|
Now at 1B: Mark Hildebrand
|
|
|
Now at 2B: Casey Sampson
|
|
|
Now at 3B: Ted Simmons
|
|
|
Now in LF: Pascual D'Annunzio
|
|
|
Batting: RHB George Uhle
|
0-0: Called Strike 0-1: Swinging Strike 0-2: Foul Ball, location: 2F 0-2: Ground out 6-3 (Groundball, 6M, EV 84.4 MPH)
|
|
Pitching: RHP Dave Sisk
|
|
|
Batting: LHB Specs Toporcer
|
0-0: SINGLE (Line Drive, 6D, EV 99.4 MPH)
|
|
Batting: RHB Doc Farrell
|
0-0: Called Strike 0-1: Swinging Strike 0-2: Fly out, F7 (Flyball, 78S, EV 80.0 MPH)
|
|
Batting: LHB George Sisler
|
0-0: Ball 1-0: SINGLE (Line Drive, 8RS, EV 105.0 MPH) Specs Toporcer to second
|
|
Batting: RHB Joe Stripp
|
0-0: Called Strike 0-1: Ground out 5-3 (Groundball, 5S, EV 81.9 MPH)
|
| Bottom of the 8th over - 0 runs, 2 hits, 0 errors, 2 left on base; St. Louis 19 - Huntington Station 2 |
| TOP OF THE 9TH |
|
St. Louis Cardinals batting - Pitching for Huntington Station Ramrods : RHP George Uhle
|
|
Batting: LHB Jose Cruz
|
0-0: Called Strike 0-1: SINGLE (Groundball, 6D, EV 94.4 MPH)
|
|
Batting: RHB Pascual D'Annunzio
|
0-0: Called Strike 0-1: Called Strike 0-2: Ball 1-2: Ball 2-2: Foul Ball, location: 2F 2-2: SINGLE (Popup, 4S, EV 70.0 MPH) Jose Cruz to second
|
|
Batting: LHB Mark Hildebrand
|
0-0: Ball 1-0: Ball 2-0: Ball 3-0: Called Strike 3-1: Called Strike 3-2: Foul Ball, location: 2F 3-2: SINGLE (Line Drive, 78S, EV 98.8 MPH) Jose Cruz to third Pascual D'Annunzio to second
|
|
Batting: LHB Pat Putnam
|
0-0: Ball 1-0: GRAND SLAM HOME RUN (Flyball, 9LD, EV 104.4 MPH), Distance : 325 ft
|
|
Batting: SHB Ted Simmons
|
0-0: SINGLE (Groundball, 4MD, EV 103.1 MPH)
|
|
Batting: RHB Bob Brenly
|
0-0: Foul Ball, location: 2F 0-1: Ball 1-1: Ground out 5-3 (Groundball, 56S, EV 72.5 MPH) Ted Simmons to second
|
|
Batting: SHB Billy E Smith
|
0-0: Called Strike 0-1: Ball 1-1: Ball 2-1: Ball 3-1: Base on Balls
|
|
Batting: LHB Dave Sisk
|
0-0: Sac Bunt to 15 - play at first, batter OUT! 1-4 Ted Simmons to third Billy E Smith to second
|
|
Batting: RHB Casey Sampson
|
0-0: Ground out U3 (Groundball, 3L, EV 83.8 MPH)
|
| Top of the 9th over - 4 runs, 5 hits, 0 errors, 2 left on base; St. Louis 23 - Huntington Station 2 |
| BOTTOM OF THE 9TH |
|
Huntington Station Ramrods batting - Pitching for St. Louis Cardinals : RHP Dave Sisk
|
|
Batting: LHB Joe Jackson
|
0-0: Foul Ball, location: 2F 0-1: Foul Ball, location: 2F 0-2: Fly out, F9 (Flyball, 89M, EV 94.4 MPH)
|
|
Batting: RHB Gabby Hartnett
|
0-0: Ball 1-0: SINGLE (Groundball, 56D, EV 109.4 MPH)
|
|
Batting: LHB Charlie Grimm
|
0-0: Ball 1-0: Swinging Strike 1-1: SINGLE (Groundball, 4MD, EV 111.9 MPH) Gabby Hartnett to second
|
|
Batting: LHB Mule Haas
|
0-0: Ball 1-0: SINGLE (Groundball, 34D, EV 107.5 MPH) Gabby Hartnett to third Charlie Grimm to second
|
|
Batting: RHB George Uhle
|
0-0: Fly out, F7 (Line Drive, 7, EV 109.4 MPH) Runner from 3rd tags up, SCORES, no throw by LF
|
|
Batting: LHB Specs Toporcer
|
0-0: Ball 1-0: Foul Ball, location: 2F 1-1: Called Strike 1-2: Ball 2-2: Ball 3-2: Strikes out swinging
|
| Bottom of the 9th over - 1 run, 3 hits, 0 errors, 2 left on base; St. Louis 23 - Huntington Station 3 |
 |
|
Thursday, April 25th, 2019 - OOTP Baseball 20.2 Build 33
|
|